 Dungeon Crawl Stone Soup version 0.31.0-11-ge490571c62 (webtiles) character file.

Game seed: 1069067814549812455

8974 Amaterasu the Destroyer (level 11, 68/68 HPs)
             Began as a Gargoyle Earth Elementalist on Jan 27, 2024.
             Quit the game on level 9 of the Dungeon.
             The game lasted 00:26:43 (8860 turns).

Amaterasu the Destroyer (GrEE)                      Turns: 8860, Time: 00:26:43

Health: 68/68      AC: 15    Str: 11    XL:     11   Next: 39%
Magic:  29/29      EV: 13    Int: 21    God:
Gold:   1593       SH:  0    Dex: 10    Spells: 8/22 levels left

rFire   + . .        n - staff of earth
rCold   + . .        (no shield)
rNeg    + . .        y - +2 robe {rF+}
rPois   ∞            (no helmet)
rElec   +            d - +0 cloak
rCorr   .            A - +0 pair of gloves
SInv    .            p - +0 pair of boots
Will    .....        c - amulet of magic regeneration
Stlth   ++           i - ring of magical power
HPRegen 0.31/turn    x - ring of protection from cold
MPRegen 0.61/turn

%: no passive effects
@: no status effects
A: sickness immunity, AC +8, negative energy resistance 1, electricity
resistance, torment resistance 1, petrification resistance
a: no special abilities


You were on level 9 of the Dungeon.
You visited 2 branches of the dungeon, and saw 10 of its levels.
You also visited: Bailey.

You collected 1593 gold pieces.

Inventory:

Hand Weapons
 f - a +3 short sword of electrocution
 I - the +9 dagger of Senloaq {elec, rPois Dex+4}
   (You found it on level 9 of the Dungeon)

   Dex+4:     It affects your dexterity (+4).
   rPois:     It protects you from poison
Missiles
 q - 2 throwing nets
Armour
 d - a +0 cloak (worn)
 p - a +0 pair of boots (worn)
 t - a +0 kite shield
 y - a +2 robe of fire resistance (worn)
 A - a +0 pair of gloves (worn)
Magical Staves
 n - a staff of earth (weapon)
Jewellery
 c - an amulet of magic regeneration (around neck)
 i - a ring of magical power (left hand)
 s - a ring of resist corrosion
 x - a ring of protection from cold (right hand)
Wands
 E - a wand of mindburst (16)
 F - a wand of roots (16)
 G - a wand of polymorph (13)
Scrolls
 a - a scroll of enchant weapon
 v - a scroll of fog
 w - 2 scrolls of vulnerability
 B - 3 scrolls of teleportation
 C - 2 scrolls of revelation
 D - 3 scrolls of identify
Potions
 b - a potion of magic
 e - 2 potions of curing
 g - a potion of cancellation
 h - 2 potions of lignification
 j - 2 potions of brilliance
 k - a potion of ambrosia
 l - 2 potions of heal wounds
 m - a potion of resistance
 o - 3 potions of haste
 r - 3 potions of might {unknown}
 u - 2 potions of enlightenment {unknown}
 z - 4 potions of degeneration {unknown}
 H - a potion of mutation {unknown}


   Skills:
 - Level 8.1 Fighting
 - Level 6.1 Staves
 - Level 4.1 Dodging
 - Level 2.1 Stealth
 - Level 3.0 Shields
 - Level 6.0 Spellcasting
 * Level 8.3 Conjurations
 * Level 3.2 Ice Magic
 - Level 5.0 Air Magic
 - Level 8.0 Earth Magic
 - Level 0.5 Evocations


You had 8 spell levels left.
You knew the following spells:

 Your Spells              Type           Power      Damage    Failure   Level
a - Sandblast             Erth           100%       2d20      1%          1
b - Stone Arrow           Conj/Erth      100%       3d13      1%          3
c - Brom's Barrelling Bo  Conj/Erth      57%        2d7       3%          4
d - Swiftness             Air            27%        N/A       3%          3
e - Hailstorm             Conj/Ice       30%        3d8       2%          3

Your spell library contained the following spells:

 Spells                   Type           Power      Damage    Failure   Level
 Foxfire                  Conj/Fire      92%        2x1d8     1%          1
 Passwall                 Erth           56%        N/A       1%          3
 Ensorcelled Hibernation  Hex/Ice        26%        N/A       8%          2
 Summon Ice Beast         Ice/Summ       13%        N/A       16%         3
 Petrify                  Alch/Erth      34%        N/A       19%         4
 Starburst                Conj/Fire      11%        6d5       95%         6
 Plasma Beam              Fire/Air       8%         2x1d18    99%         6
 Sculpt Simulacrum        Ice/Alch       6%         N/A       100%        6


Dungeon Overview and Level Annotations

Branches:
Dungeon (9/15)             Temple (1/1) D:4            Lair (0/5) D:9
 Bailey (visited)
    Orc: D:9-12

Altars:
Ashenzari
Cheibriados
Dithmenos
Elyvilon
Fedhas
Gozag
Hepliaklqana
Kikubaaqudgha
Makhleb
Nemelex Xobeh
Okawaru
Qazlal
Ru
Sif Muna
Trog
Uskayaw
Wu Jian
Xom
Yredelemnul
Zin
The Shining One

Shops:
D:5 !   D:8 (

Annotations:
D:9 2 transporters
Temple 4 transporters


Innate Abilities, Weirdness & Mutations

You are immune to sickness and miasma.
Your stone body is resilient. (AC +8)
You are immune to poison.
You resist negative energy. (rN+)
You are resistant to electric shocks. (rElec)
You are resistant to unholy torment.
You are immune to petrification.


Message History

The plant is lightly damaged.
The komodo dragon bites you but does no damage.
Casting: Sandblast (safe; 1% risk of failure)
Confirm with . or Enter, or press ? or * to list all spells.
Aiming: Sandblast (safe; 1% risk of failure)
Press: ? - help, Shift-Dir - straight line, f/p - komodo dragon
Aim: a komodo dragon (almost dead, 89% to hit)
You feel a surge of power!
The blast of sand hits the komodo dragon but does no damage.
The komodo dragon is almost dead.
The komodo dragon bites you!
* * * LOW HITPOINT WARNING * * *
The komodo dragon barely misses you.
Casting: Sandblast (safe; 1% risk of failure)
Confirm with . or Enter, or press ? or * to list all spells.
Aiming: Sandblast (safe; 1% risk of failure)
Press: ? - help, Shift-Dir - straight line, f/p - komodo dragon
Aim: a komodo dragon (almost dead, 89% to hit)
You feel a surge of power!
The blast of sand hits the komodo dragon!!
You kill the komodo dragon!
A nearby plant withers and dies.
A centaur comes into view. It is carrying a wand of polymorph.
Casting: Sandblast (safe; 1% risk of failure)
Confirm with . or Enter, or press ? or * to list all spells.
Aiming: Sandblast (safe; 1% risk of failure)
Press: ? - help, Shift-Dir - straight line, f - centaur
Aim: a centaur, carrying a wand of polymorph (wandering, hasn't noticed you, 91% to hit)
You feel a surge of power!
The blast of sand hits the centaur!!
You kill the centaur!
You now have 1593 gold pieces (gained 29).
G - a wand of polymorph (13) (gained 6 charges)
You see here a +0 orcbow.
Partly explored, unvisited transporter and can't reach some places.
Partly explored, unvisited transporter and can't reach some places.
Why would you want to do that? Why would you want to do that?
Why would you want to do that?
Sorry, you're not good enough to have a special ability.
Are you sure you want to abandon this character and quit the game? (Confirm with "yes".)

..# #.......###..#.######>##.
..#######.................# #.##.
................######.##.# #.##(
............##...### #.##.# #.##.
..####.#.....#.....# #.##.###.##.
..# #.#...........###.........#.
..####.#.....#..........)........
...................####.#.###..##
.#####.......#..@..# #.#)# #....
...≈≈≈≈≈≈≈≈##....### #.#.###.###
..≈≈≈≈≈≈≈≈≈≈#....######....##)#
#≈≈###≈≈###≈≈.#>..............#
.≈≈# #≈≈# #≈≈##########....####
#≈≈# #≈≈#+#≈≈# #.##.#
#≈≈≈≈≈≈≈≈≈≈≈≈# #.##.##
#≈≈≈≈≈≈≈≈≈≈≈≈### #.##..##
#≈≈#+#≈≈###≈≈..##### #.##.#.####


There were no monsters in sight!

Vanquished Creatures
  The ghost of Farlane the Grappler, a novice TrSh of Trog (D:8)
  2 orc knights (Bailey)
  Pikel (D:7)
  Maggie (D:8)
  A komodo dragon (D:9)
  Prince Ribbit (D:6)
  Sigmund (D:3)
  A wyvern (D:9)
  2 wraiths (D:9)
  6 yaks (D:9)
  Eustachio (D:5)
  A steam dragon (D:7)
  Menkaure (D:5)
  Duvessa (D:5)
  3 orc warriors
  A sky beast (D:6)
  2 black bears
  3 ogres
  5 centaurs
  3 lemures (D:7)
  9 kobold brigands
  2 gnoll sergeants (D:9)
  2 bullfrogs
  5 scorpions
  Dowan (D:5)
  23 wights
  2 howler monkeys
  A jelly (D:4)
  3 orc priests
  2 hounds (D:5)
  An iguana (D:9)
  2 sleepcaps
  6 orc wizards
  16 gnolls
  3 adders
  4 white imps
  2 dart slugs (D:4)
  3 ribbon worms
  20 orcs
  11 endoplasms
  3 giant cockroaches
  4 goblins
  9 hobgoblins
  4 jackals (D:5)
  6 quokkas
  8 ball pythons
  5 bats
  4 frilled lizards
  31 kobolds
  6 rats
236 creatures vanquished.

Vanquished Creatures (collateral kills)
  6 boulders
6 creatures vanquished.

Vanquished Creatures (others)
  9 boulders
9 creatures vanquished.

Grand Total: 251 creatures vanquished

Notes
Turn   | Place    | Note
-------+----------+-------------------------------------------
     0 | D:1      | Amaterasu the Gargoyle Earth Elementalist began the quest
                  | for the Orb.
     0 | D:1      | Reached XP level 1. HP: 10/10 MP: 3/3
   187 | D:1      | Reached XP level 2. HP: 15/15 MP: 3/5
   683 | D:1      | Found a faded altar of an unknown god.
   731 | D:1      | Reached XP level 3. HP: 19/19 MP: 3/6
   788 | D:1      | Learned a level 3 spell: Stone Arrow
  1797 | D:3      | Reached XP level 4. HP: 17/24 MP: 4/8
  1800 | D:3      | Reached skill level 5 in Earth Magic
  2024 | D:3      | Found an opulent altar of Gozag.
  2132 | D:3      | Reached XP level 5. HP: 28/28 MP: 6/10
  2508 | D:3      | Noticed Sigmund
  2565 | D:3      | Killed Sigmund
  2566 | D:3      | Reached XP level 6. HP: 27/37 MP: 8/12
  2642 | D:3      | Learned a level 4 spell: Brom's Barrelling Boulder
  2652 | D:3      | Identified a scroll of acquirement
  2652 | D:3      | Acquired 676 gold pieces
  2780 | D:4      | Reached XP level 7. HP: 44/44 MP: 10/13
  2961 | D:4      | Reached skill level 5 in Fighting
  3013 | D:4      | Found a glowing silver altar of Zin.
  3276 | D:4      | Found a staircase to the Ecumenical Temple.
  3283 | Temple   | Found a transporter.
  3283 | Temple   | Found a transporter.
  3283 | Temple   | Found a transporter.
  3283 | Temple   | Found a transporter.
  3283 | Temple   | Entered the Ecumenical Temple
  3371 | D:4      | Reached skill level 5 in Spellcasting
  3463 | D:4      | Reached XP level 8. HP: 34/49 MP: 0/16
  3936 | D:5      | Entered Level 5 of the Dungeon
  3938 | D:5      | Found a shadowy altar of Dithmenos.
  3944 | D:5      | Noticed Menkaure
  3949 | D:5      | Killed Menkaure
  4067 | D:5      | Noticed Duvessa
  4068 | D:5      | Noticed Dowan
  4073 | D:5      | Killed Duvessa
  4076 | D:5      | Killed Dowan
  4101 | D:5      | Found a shimmering blue altar of Sif Muna.
  4271 | D:5      | Noticed Eustachio
  4275 | D:5      | Killed Eustachio
  4394 | D:5      | Reached skill level 5 in Conjurations
  4756 | D:5      | Found Ustoerchi's Distillery.
  4865 | D:6      | Found a broken altar of Ashenzari.
  4873 | D:6      | Reached skill level 1 in Shields
  4873 | D:6      | Reached XP level 9. HP: 54/54 MP: 18/18
  5053 | D:6      | Noticed Prince Ribbit
  5059 | D:6      | Killed Prince Ribbit
  5187 | D:6      | Found a stormy altar of Qazlal.
  5233 | D:6      | Identified the +8 short sword of Anguish {heavy, Will+}
  5777 | D:7      | Reached skill level 1 in Staves
  5814 | D:7      | Found a flagged portal.
  5828 | Bailey   | Entered a bailey
  5842 | Bailey   | Reached XP level 10. HP: 64/64 MP: 19/19
  5862 | Bailey   | Learned a level 3 spell: Swiftness
  5904 | Bailey   | Noticed an orc knight
  5920 | Bailey   | Killed an orc knight
  5921 | Bailey   | Reached skill level 1 in Air Magic
  6002 | Bailey   | Noticed an orc knight
  6030 | Bailey   | Killed an orc knight
  6062 | Bailey   | Found a burning altar of Makhleb.
  6436 | D:7      | Noticed Pikel
  6458 | D:7      | Killed Pikel
  6777 | D:8      | Found Maykloohoa's Antique Weapon Boutique.
  6802 | D:8      | Noticed Maggie
  6806 | D:8      | Killed Maggie
  6820 | D:8      | Reached skill level 5 in Staves
  6978 | D:8      | Found a runed translucent gate.
  6978 | D:8      | Found a runed translucent gate.
  6978 | D:8      | Found a runed translucent gate.
  6980 | D:8      | Noticed Farlane's ghost (novice TrSh)
  6992 | D:8      | Killed Farlane's ghost
  6993 | D:8      | Reached XP level 11. HP: 34/68 MP: 20/20
  7672 | D:9      | Reached skill level 5 in Air Magic
  7785 | D:9      | Found a transporter.
  7787 | D:9      | Noticed a four-headed hydra
  7792 | D:9      | Noticed a boulder beetle
  7796 | D:9      | Noticed a boulder beetle
  7837 | D:9      | Learned a level 3 spell: Hailstorm
  7923 | D:9      | Found a faded altar of an unknown god.
  7924 | D:9      | Found a hazy altar of Hepliaklqana.
  7995 | D:9      | Reached skill level 1 in Ice Magic
  8120 | D:9      | Found a blossoming altar of Fedhas.
  8261 | D:9      | Identified the +9 dagger of Senloaq {elec, rPois Dex+4}
  8293 | D:9      | Found a transporter.
  8559 | D:9      | Found a staircase to the Lair.
  8578 | D:9      | HP: 2/68 [komodo dragon (15)]
  8860 | D:9      | Quit the game

Illustrated notes

Levels and vault maps discovered:
D:1:      roderic_dead_forest, layout_basic,
          hellmonk_ecumenical_altar_crossroads, serial_corexii_hall,
          chequers_hall_statues_y, corexii_hall_statues_i, minmay_ruptured
D:2:      layout_rooms, kennysheep_donut, hangedman_decor_diamond_cutter
D:3:      layout_basic, nicolae_gozag_cash_rules_everything_around_me,
          uniq_sigmund
D:4:      minmay_chambers_of_fours, layout_basic, mainiacjoe_overflow_alcove_1,
          minmay_temple_entry_arrows, serial_library,
          serial_library_hellmonk_small_alcove,
          serial_library_hellmonk_hallway_a, serial_library_hellmonk_hallway_a,
          serial_library_hellmonk_h_bend,
          serial_library_regret_index_branch_corner
D:5:      layout_basic, grunt_dithmenos_smoke, marbit_many_paths, serial_shops,
          nicolae_shop_industrial_runoff, uniq_duvessa, uniq_menkaure,
          uniq_eustachio
D:6:      layout_basic, grunt_qazlal_clouds, overflow_temple_1_default,
          uniq_prince_ribbit1
D:7:      layout_loops_ring, enter_bailey_4, uniq_pikel
D:8:      layout_loops_cross, serial_shops, nicolae_shop_hallway_plus,
          ebering_ghost_rock_garden, uniq_maggie
D:9:      gammafunk_the_bubble [the_bubble_gammafunk_crates], layout_loops_ring,
          beargit_hepliaklqana_dungeon_heroes, fedhas_altar_fruit_tree,
          david_lair_shrubbed, water_boxes_lemuel
Temple:   hellmonk_temple_divided_pantheon

Skill      XL: |  1  2  3  4  5  6  7  8  9 10 11 |
---------------+----------------------------------+-----
Earth Magic    | 4 5 6 8 |  8.0
Spellcasting   | 3 4 5 6 |  6.0
Conjurations   | 2 3 5 8 |  8.3
Fighting       | 3 4 5 8 |  8.1
Dodging        | 2 4 |  4.1
Shields        | 1 3 |  3.0
Staves         | 1 5 6 |  6.1
Air Magic      | 3 5 |  5.0
Ice Magic      | 3 |  3.2
Stealth        | |  2.1
Evocations     | |  0.5

Action                     |  1- 3 |  4- 6 |  7- 9 | 10-12 || total
---------------------------+-------+-------+-------+-------++-------
  Melee: Short sword       |     8 |       |       |       ||     8
         Staff             |       |     1 |     3 |     6 ||    10
         Punch             |       |       |       |     1 ||     1
   Cast: Sandblast         |    49 |    42 |   137 |   139 ||   367
         Stone Arrow       |       |       |     4 |    12 ||    16
         Brom's Barrelling |       |       |     3 |    23 ||    26
         Hailstorm         |       |       |       |    10 ||    10
    Use: Scroll            |     6 |     1 |     8 |     2 ||    17
 Armour: Robe              |    18 |     8 |    39 |    90 ||   155
  Dodge: Dodged            |    22 |     8 |    37 |    65 ||   132
